 Dungeon Crawl Stone Soup version 0.31.0-11-ge490571c62 (webtiles) character file.

Game seed: 5800026837034702147

72 PaiMei the Grave Robber (level 4, 0/30 HPs)
             Began as a Demonspawn Necromancer on Feb 5, 2024.
             Slain by Robin
             ... wielding a +0 trident
              (3 damage)
             ... on level 2 of the Dungeon.
             The game lasted 00:02:09 (2176 turns).

PaiMei the Grave Robber (Demonspawn Necromancer)    Turns: 2176, Time: 00:02:09

Health: 0/30       AC:  2    Str:  8    XL:     4   Next: 7%
Magic:  6/7        EV: 12    Int: 18    God:
Gold:   156        SH:  0    Dex: 13    Spells: 7/8 levels left

rFire   . . .        f - +0 dagger
rCold   . . .        (no shield)
rNeg    . . .        a - +0 robe
rPois   .            (helmet restricted)
rElec   .            (no cloak)
rCorr   .            (no gloves)
SInv    .            (no boots)
Will    .....        (no amulet)
Stlth   ++           (no ring)
HPRegen 0.25/turn    (no ring)
MPRegen 0.10/turn

%: no passive effects
@: no status effects
A: horns 1, demonic guardian 1, powered by pain 1
a: no special abilities


You were on level 2 of the Dungeon.
You visited 1 branch of the dungeon, and saw 2 of its levels.

You collected 156 gold pieces.

Inventory:

Hand Weapons
 f - a +0 dagger (weapon)
Armour
 a - a +0 robe (worn)
Scrolls
 c - 2 scrolls of noise {unknown}
 d - a scroll of enchant weapon {unknown}
 e - a scroll of amnesia {unknown}
 h - 4 scrolls of identify {unknown}
 j - 2 scrolls of revelation {unknown}
Potions
 b - 2 potions of magic
 g - a potion of curing {unknown}
 i - a potion of haste {unknown}


   Skills:
 + Level 2.5 Dodging
 + Level 2.6 Stealth
 + Level 2.6 Spellcasting
 + Level 4.8 Necromancy


You had 7 spell levels left.
You knew the following spells:

 Your Spells              Type           Power      Damage    Failure   Level
a - Necrotise             Necr           76%        1d7       2%          1

Your spell library contained the following spells:

 Spells                   Type           Power      Damage    Failure   Level
 Vampiric Draining        Necr           19%        2d7       7%          3
 Animate Dead             Necr           19%        N/A       22%         4
 Curse of Agony           Necr           19%        N/A       54%         5


Dungeon Overview and Level Annotations

Branches:
Dungeon (2/15)

Altars:
Dithmenos

Annotations:
D:2 Robin


Innate Abilities, Weirdness & Mutations

You have a pair of small horns on your head.
A weak demonic guardian rushes to your aid.
You sometimes gain a little power by taking damage.


Message History

Casting: Necrotise (safe; 2% risk of failure)
Confirm with . or Enter, or press ? or * to list all spells.
You don't have enough magic to cast this spell.
You hit Robin but do no damage.
Robin is lightly wounded.
Robin hits you with a +0 trident.
Casting: Necrotise (safe; 2% risk of failure)
Confirm with . or Enter, or press ? or * to list all spells.
You don't have enough magic to cast this spell.
You barely miss Robin. You headbutt Robin, but do no damage.
You punch Robin, but do no damage.
Robin is lightly wounded.
Your hobgoblin skeleton crumbles into dust!
Robin barely misses you.
Casting: Necrotise (safe; 2% risk of failure)
Confirm with . or Enter, or press ? or * to list all spells.
Aiming: Necrotise (safe; 2% risk of failure)
Press: ? - help, Shift-Dir - straight line, f/p - Robin
Aim: Robin, wielding a +0 trident, wearing a +0 animal skin and wearing a +1 helmet (lightly wounded, chance to affect: 84%) Robin writhes in agony.
Robin hits you with a +0 trident!
You barely miss Robin.
Robin is heavily wounded.
Robin hits you with a +0 trident.
Casting: Necrotise (safe; 2% risk of failure)
Confirm with . or Enter, or press ? or * to list all spells.
You don't have enough magic to cast this spell.
You barely miss Robin.
Robin is heavily wounded.
Robin hits you with a +0 trident!
* * * LOW HITPOINT WARNING * * *
A demonic guardian appears!
You focus on the pain.
You feel your power returning.
Casting: Necrotise (safe; 2% risk of failure)
Confirm with . or Enter, or press ? or * to list all spells.
Aiming: Necrotise (safe; 2% risk of failure)
Press: ? - help, Shift-Dir - straight line, f/p - Robin
Aim: Robin, wielding a +0 trident, wearing a +0 animal skin and wearing a +1 helmet (heavily wounded, ally target, chance to affect: 84%) Robin barely resists.
Robin hits you with a +0 trident.
You die...
Robin lets out a smug laugh.

<....#................# ..#
#>...#................# ..#
.....#.....(.........####..#
.....#.....................#
...###.........##........#.#
...# #.###.)....#........#.#
...###......_..............#
##.##...)).....g...##..#.#.....
##.##..........#@5.##.##.######
...##...........#....)##.#
#..##...........#....###.#
##....).........#....# #.#
................#....# #.#
...........#...##....# .#
.).........#...##....#
...##.....##...##....#
...##...#..#...#.....#


You could see Robin (ally target) and a friendly ufetubus (summoned).

Vanquished Creatures
  2 adders (D:2)
  An endoplasm (D:1)
  2 giant cockroaches (D:1)
  7 goblins
  5 hobgoblins
  6 jackals
  2 kobolds (D:2)
  3 quokkas
  A ball python (D:1)
  5 bats
  3 rats (D:1)
37 creatures vanquished.

Vanquished Creatures (collateral kills)
  A dart slug (D:1)
  An endoplasm (D:1)
  3 goblins (D:2)
  A kobold (D:1)
6 creatures vanquished.

Grand Total: 43 creatures vanquished

Notes
Turn   | Place    | Note
-------+----------+-------------------------------------------
     0 | D:1      | PaiMei the Demonspawn Necromancer began the quest for the
                  | Orb.
     0 | D:1      | Reached XP level 1. HP: 13/13 MP: 3/3
   315 | D:1      | Gained mutation: A weak demonic guardian rushes to your
                  | aid. [demonic ancestry]
   315 | D:1      | Reached XP level 2. HP: 19/19 MP: 1/5
  1284 | D:2      | Gained mutation: You sometimes gain a little power by
                  | taking damage. [demonic ancestry]
  1284 | D:2      | Reached XP level 3. HP: 20/24 MP: 1/6
  1478 | D:2      | Found a shadowy altar of Dithmenos.
  1596 | D:2      | Noticed Robin
  2140 | D:2      | Gained mutation: You have a pair of small horns on your
                  | head. [demonic ancestry]
  2140 | D:2      | Reached XP level 4. HP: 30/30 MP: 2/7
  2176 | D:2      | Slain by Robin

Illustrated notes

Levels and vault maps discovered:
D:1:      erik_arrival_triangle_small, layout_basic, minmay_misc_feat_pillars
D:2:      layout_basic, basic_altar, uniq_robin

Skill      XL: |  1 |
---------------+----+-----
Dodging        | 2 |  2.5
Stealth        | 2 |  2.6
Spellcasting   | |  2.6
Necromancy     | |  4.8

Action                     |  1- 3 |  4- 6 || total
---------------------------+-------+-------++-------
  Melee: Unarmed           |     8 |       ||     8
         Dagger            |     4 |     5 ||     9
         Headbutt          |       |     2 ||     2
         Punch             |       |     1 ||     1
   Cast: Necrotise         |    67 |     6 ||    73
 Armour: Robe              |    24 |     6 ||    30
  Dodge: Dodged            |    33 |     3 ||    36
